 Dungeon Crawl Stone Soup version 0.29-a0-231-g945431f764 (webtiles) character file.

Game seed: 677510884381519596

75588 fragbeetle the Impaler (level 15, -1/115 HPs)
             Began as a Demonspawn Gladiator on Feb 28, 2022.
             Was the Champion of Nemelex Xobeh.
             Killed from afar by Azrael (16 damage)
             ... with damnation
             ... on level 2 of the Orcish Mines.
             The game lasted 01:10:36 (28167 turns).

fragbeetle the Impaler (Demonspawn Gladiator)      Turns: 28167, Time: 01:10:38

Health: -1/115     AC: 24    Str: 18    XL:     15   Next: 10%
Magic:  0/25       EV: 13    Int: 16    God:    Nemelex Xobeh [******]
Gold:   1350       SH:  6    Dex: 19    Spells: 12/22 levels left

rFire   . . .      SeeInvis .   b - +2 halberd (venom)
rCold   . . .      Faith    .   (shield currently unavailable)
rNeg    . . .      Spirit   +   Z - +7 chain mail "Dew Yrun" {+Blink}
rPois   .          Reflect  .   n - +0 hat {Int+3}
rElec   .          Harm     .   (cloak unavailable)
rCorr   .          Rampage  .   P - +2 pair of gloves
Will    +....                   Q - +1 pair of boots
Stlth   ..........              p - amulet of guardian spirit
HPRegen 0.29/turn               g - +4 ring of evasion
MPRegen 0.19/turn               Y - ring "Vaock" {Wiz Dex+4}

@: studying 2 skills
A: large bone plates 2, demonic guardian 3, foul stench 2, weakness stinger 3
a: Renounce Religion, Evoke Blink, Draw Escape, Draw Destruction, Draw
Summoning, Triple Draw, Deal Four, Stack Five


You were on level 2 of the Orcish Mines.
You worshipped Nemelex Xobeh.
Nemelex Xobeh was exalted by your worship.
You visited 4 branches of the dungeon, and saw 20 of its levels.
You also visited: Volcano.

You collected 1605 gold pieces.
You spent 255 gold pieces at shops.

Inventory:

Hand Weapons
 a - a +2 glaive of flaming
 b - a +2 halberd of venom (weapon)
 y - a +2 shortbow of flaming
Missiles
 d - 5 throwing nets (quivered)
 h - 21 poisoned darts
 k - 6 atropa-tipped darts
 F - 13 boomerangs
 I - 9 curare-tipped darts
Armour
 n - a +0 hat of intelligence (worn)
 K - a +0 cloak
 P - a +2 pair of gloves (worn)
 Q - a +1 pair of boots (worn)
 Z - the +7 chain mail "Dew Yrun" (worn) {+Blink}
   (You found it on level 4 of the Lair of Beasts)

   +Blink:    It lets you blink.
Jewellery
 g - a +4 ring of evasion (left hand)
 i - a ring of flight
 p - an amulet of guardian spirit (around neck)
 A - a +6 ring of intelligence
 G - a ring of ice
 H - a ring of willpower
 Y - the ring "Vaock" (right hand) {Wiz Dex+4}
   (You found it on level 11 of the Dungeon)

   [ring of wizardry]

   It improves your spell success rate.
   Dex:       It affects your dexterity (+4).
Wands
 c - a wand of charming (5)
 x - a wand of flame (30)
 B - a wand of iceblast (18)
 J - a wand of polymorph (3)
 W - a wand of acid (11)
Scrolls
 q - 2 scrolls of magic mapping
 r - 3 scrolls of enchant armour
 s - a scroll of acquirement {unknown}
 v - a scroll of brand weapon {unknown}
 z - 3 scrolls of vulnerability {unknown}
 D - a scroll of summoning {unknown}
 L - 3 scrolls of blinking {unknown}
 M - 6 scrolls of teleportation
 U - a scroll of silence {unknown}
 V - 3 scrolls of enchant weapon {unknown}
Potions
 e - a potion of resistance {unknown}
 f - 3 potions of haste
 j - 2 potions of attraction
 l - 4 potions of invisibility
 m - 5 potions of lignification
 o - a potion of brilliance {unknown}
 t - 4 potions of curing
 u - 3 potions of heal wounds
 w - a potion of ambrosia
 C - 2 potions of cancellation
 E - 4 potions of might {unknown}
 N - 4 potions of flight
 O - 4 potions of magic {unknown}
 S - a potion of mutation {unknown}
 X - a potion of berserk rage
Miscellaneous
 R - a lightning rod (2/4)
 T - a phantom mirror (inert)


   Skills:
 - Level 10.0 Fighting
 - Level 15.1 Polearms
 - Level 2.0 Throwing
 - Level 10.0 Armour
 - Level 2.9 Dodging
 - Level 4.0 Spellcasting
 - Level 7.0 Conjurations
 - Level 6.0 Necromancy
 - Level 7.0 Fire Magic
 + Level 14.1 Invocations


You had 12 spell levels left.
You knew the following spells:

 Your Spells              Type           Power      Damage    Failure   Level
a - Sticky Flame          Conj/Fire      25%        2d5       32%         4
b - Blink                 Tloc           6%         N/A       61%         2
c - Corpse Rot            Necr/Air       24%        N/A       26%         2
d - Wereblood             Tmut           3%         N/A       61%         2

Your spell library contained the following spells:

 Spells                   Type           Power      Damage    Failure   Level
 Pain                     Necr           88%        1d8       4%          1
 Conjure Flame            Conj/Fire      25%        6-21      10%         3
 Shock                    Conj/Air       56%        1d6       14%         1
 Vampiric Draining        Necr           22%        2d7       16%         3
 Beastly Appendage        Tmut           6%         N/A       47%         1
 Slow                     Hex            12%        N/A       47%         1
 Summon Small Mammal      Summ           12%        N/A       47%         1
 Ignite Poison            Fire/Tmut/Pois 10%        N/A       52%         3
 Mephitic Cloud           Conj/Pois/Air  10%        N/A       52%         3
 Poisonous Vapours        Pois/Air       6%         N/A       61%         2
 Hailstorm                Conj/Ice       14%        3d5       77%         4
 Agony                    Necr           22%        N/A       77%         5
 Excruciating Wounds      Necr           11%        N/A       77%         5
 Call Canine Familiar     Summ           3%         N/A       83%         3
 Confusing Touch          Hex            3%         N/A       83%         3
 Portal Projectile        Hex/Tloc       6%         N/A       83%         3
 Spider Form              Tmut/Pois      3%         N/A       83%         3
 Summon Guardian Golem    Hex/Summ       3%         N/A       83%         3
 Swiftness                Air            3%         N/A       83%         3
 Airstrike                Air            1%         N/A       99%         4
 Ice Form                 Ice/Tmut       3%         N/A       99%         4
 Leda's Liquefaction      Hex/Erth       1%         N/A       99%         4
 Freezing Cloud           Conj/Ice/Air   5%         6-21      99%         5
 Manifold Assault         Tloc           3%         N/A       100%        5
 Yara's Violent Unravell  Hex/Tmut       1%         3d3       100%        5
 Simulacrum               Ice/Necr       6%         N/A       100%        6
 Enfeeble                 Hex            1%         N/A       100%        7
 Storm Form               Tmut/Air       1%         N/A       100%        7


Dungeon Overview and Level Annotations

Branches:
Dungeon (11/15)            Temple (1/1) D:5            Lair (6/6) D:11
 Shoals (0/4) Lair:3       Spider (0/4) Lair:4        Slime (0/5) Lair:5
    Orc (2/2) D:11            Elf (0/3) Orc:2       Volcano (visited)

Altars:
Ashenzari
Cheibriados
Dithmenos
Elyvilon
Fedhas
Gozag
Hepliaklqana
Kikubaaqudgha
Makhleb
Nemelex Xobeh
Okawaru
Qazlal
Ru
Sif Muna
Trog
Uskayaw
Vehumet
Wu Jian
Xom
Yredelemnul
Zin
The Shining One

Shops:
D:2 (   D:3 !   D:10 *   Orc:2 =[*(

Annotations:
Lair:3 exclusion: door
Orc:2 Azrael


Innate Abilities, Weirdness & Mutations

You are mostly covered in large bone plates. (SH +6)
A powerful demonic guardian rushes to your aid.
You sometimes emit foul miasma when damaged in melee.
You have a sharp stinger which inflicts weakening toxins.


Message History

You hear a shout!
Azrael gestures at you. The bolt of fire hits you!!
* * * LOW HITPOINT WARNING * * *
Unknown command.
You draw a card...
You have drawn Wild Magic.
Azrael's body glows momentarily.
Azrael seems to slow down.
You feel a surge of magic.
You feel your power returning.
Azrael hits you with a +4 scimitar of flaming.
* * * LOW HITPOINT WARNING * * *
A demonic guardian appears!
Azrael burns you.
* * * LOW HITPOINT WARNING * * *
You hit Azrael.
Azrael is heavily wounded.
Azrael hits you with a +4 scimitar of flaming.
* * * LOW HITPOINT WARNING * * *
Azrael burns you.
* * * LOW HITPOINT WARNING * * *
Unknown command.
You hit Azrael but do no damage. You tail-slap Azrael, but do no damage.
Azrael is heavily wounded.
Your cacodemon hits Azrael but does no damage.
Your cacodemon hits Azrael. You puncture Azrael!
Azrael looks as sick as possible!
Azrael is severely wounded.
Your cacodemon hits Azrael but does no damage.
Your cacodemon hits Azrael.
Azrael hits your cacodemon with a +4 scimitar of flaming!
Azrael burns your cacodemon.
You puncture Azrael!
Azrael looks as sick as possible!
Azrael is almost dead.
Your cacodemon hits Azrael but does no damage.
Your cacodemon completely misses Azrael.
You barely miss Azrael.
Azrael is almost dead.
Azrael screams, "Burn!
Burn!
All of it must BURN!"
Azrael gestures at you.
The sphere of damnation explodes!
The damnation engulfs you!!
You die...
Your body glows slightly and disappears.

#.. ....... .....
....... # ### .....
......# #
##.##...#.......$....
#......#.....○.....
###...#..#....# °.$
##.....<..#..###○#
..............#R##
...##..#.....#.2@#
....#............##
#...#.............##
.>.....##..#.......##
..#....#...#.#......#
.###....#..........##
.#..#..###...#...###
.......# #...##.##
....#.## #...####


You could see Azrael (extremely poisoned, slow, ally target) and a friendly
cacodemon (summoned).

Vanquished Creatures
  Gastronok (Lair:1)
  An orc warlord (Orc:2)
  An ettin (Orc:2)
  Fannar (D:10)
  Harold (D:7)
  8 hydras
  A centaur warrior (Volcano)
  3 catoblepae (Lair:6)
  3 two-headed ogres
  13 death yaks
  3 orc high priests (Orc:2)
  Amaemon (Lair:2)
  3 skeletal warriors (D:11)
  A goliath frog (Lair:6)
  A steelbarb worm (D:10)
  2 orc sorcerers (Orc:2)
  A cyclops (D:11)
  2 manticores (Lair:6)
  8 elephants
  Maurice (Orc:2)
  A torpor snail (Lair:6)
  7 black mambas
  12 cane toads
  An orange demon (Lair:2)
  2 unseen horrors (D:11)
  Maggie (D:6)
  8 komodo dragons
  A rime drake (Lair:4)
  A tengu conjurer (D:9)
  4 trolls
  A hornet (D:10)
  4 polar bears
  Grinder (D:6)
  Prince Ribbit (D:9)
  21 blink frogs
  10 dream sheep
  Sigmund (D:4)
  2 shadows
  Eustachio (D:5)
  A fire elemental (Orc:2)
  6 wyverns
  Grum (D:8)
  39 yaks
  3 basilisks
  2 steam dragons
  Edmund (D:4)
  A warg (Orc:1)
  5 vampire mosquitoes (D:10)
  An acid dragon (D:7)
  25 water moccasins
  7 black bears
  Duvessa (D:4)
  16 orc warriors
  4 sky beasts
  2 ice beasts
  5 ogres
  18 wolves
  9 centaurs
  Blork the orc (D:4)
  A gnoll sergeant (D:9)
  22 bullfrogs
  3 necrophages
  4 scorpions
  12 wights
  Dowan (D:4)
  9 killer bees (D:8)
  An oklob sapling (D:5)
  6 howler monkeys
  3 electric eels
  4 jellies
  6 hounds
  20 orc priests
  Ijyb (D:4)
  Jessica (D:3)
  6 iguanas
  Natasha (D:3)
  27 orc wizards
  9 gnolls
  7 adders
  A shadow imp (D:7)
  4 white imps
  3 ufetubi
  A worm (D:4)
  10 dart slugs
  43 orcs
  13 endoplasms
  5 giant cockroaches
  7 goblins
  3 hobgoblins
  8 jackals
  3 quokkas
  6 ball pythons
  8 bats
  A frilled lizard (D:3)
  4 kobolds
  4 rats
552 creatures vanquished.

Vanquished Creatures (collateral kills)
  A red draconian (Volcano)
  Erolcha (Orc:2)
  An orc high priest (Orc:2)
  Sonja (Lair:6)
  A skeletal warrior (D:11)
  A cane toad (Lair:2)
  A blink frog (Lair:3)
  2 dream sheep (Lair:6)
  A shadow (D:11)
  A fire elemental (Orc:2)
  A wyvern (Lair:3)
  7 yaks
  2 hell hounds (Orc:2)
  2 orc warriors (Orc:2)
  A wolf (Lair:1)
  4 orc priests (Orc:2)
  3 orcs
31 creatures vanquished.

Vanquished Creatures (others)
  A hell hound (Orc:2)
  A bush (Lair:6)
  40 fungi
  103 plants
145 creatures vanquished.

Grand Total: 728 creatures vanquished

Notes
Turn   | Place    | Note
-------+----------+-------------------------------------------
     0 | D:1      | fragbeetle the Demonspawn Gladiator began the quest for the
                  | Orb.
     0 | D:1      | Reached XP level 1. HP: 16/16 MP: 1/1
   242 | D:1      | Gained mutation: You may rarely emit foul miasma when
                  | damaged in melee. [demonic ancestry]
   242 | D:1      | Reached XP level 2. HP: 22/22 MP: 2/2
   574 | D:1      | Reached skill level 3 in Polearms
   780 | D:2      | Found Namiat's Antique Weapon Emporium.
   996 | D:2      | Reached XP level 3. HP: 27/27 MP: 3/3
  1088 | D:2      | Reached skill level 4 in Polearms
  1090 | D:2      | Gained mutation: A weak demonic guardian rushes to your
                  | aid. [demonic ancestry]
  1090 | D:2      | Reached XP level 4. HP: 21/33 MP: 4/4
  1682 | D:3      | Noticed a scorpion
  1721 | D:3      | Found a faded altar of an unknown god.
  1746 | D:2      | Killed a scorpion
  1747 | D:2      | Reached XP level 5. HP: 31/38 MP: 5/5
  1852 | D:3      | Noticed an ice beast
  1872 | D:2      | Reached skill level 5 in Polearms
  1979 | D:3      | Killed an ice beast
  2652 | D:3      | Noticed Jessica
  2662 | D:3      | Killed Jessica
  2663 | D:3      | Reached skill level 6 in Polearms
  2663 | D:3      | Gained mutation: You have a small tail. [demonic ancestry]
  2663 | D:3      | Reached XP level 6. HP: 26/44 MP: 6/6
  2886 | D:3      | Found Fawipeow's Distillery.
  2894 | D:3      | Bought a potion of curing for 30 gold pieces
  2894 | D:3      | Bought a potion of heal wounds for 50 gold pieces
  2894 | D:3      | Bought a potion of degeneration for 10 gold pieces
  2894 | D:3      | Bought a potion of ambrosia for 80 gold pieces
  2956 | D:3      | Noticed Natasha
  2963 | D:3      | Killed Natasha
  3251 | D:4      | Noticed Ijyb
  3265 | D:4      | Killed Ijyb
  3355 | D:4      | Noticed Blork the orc
  3368 | D:4      | Killed Blork the orc
  3369 | D:4      | Reached skill level 7 in Polearms
  3369 | D:4      | Gained mutation: You are partially covered in large bone
                  | plates. (SH +4) [demonic ancestry]
  3369 | D:4      | Reached XP level 7. HP: 40/50 MP: 5/7
  3447 | D:4      | Noticed Sigmund
  3462 | D:4      | Killed Sigmund
  3710 | D:4      | Reached skill level 8 in Polearms
  3806 | D:4      | Found a radiant altar of Vehumet.
  3813 | D:4      | Noticed Duvessa
  3835 | D:4      | Noticed Dowan
  3837 | D:4      | Killed Duvessa
  3849 | D:4      | Killed Dowan
  4117 | D:4      | Noticed Edmund
  4127 | D:4      | Killed Edmund
  4128 | D:4      | Reached skill level 9 in Polearms
  4128 | D:4      | Reached XP level 8. HP: 49/56 MP: 8/8
  5070 | D:5      | Entered Level 5 of the Dungeon
  5120 | D:5      | Reached skill level 10 in Polearms
  5515 | D:5      | Found a staircase to the Ecumenical Temple.
  5534 | D:5      | Noticed Eustachio
  5537 | Temple   | Entered the Ecumenical Temple
  5785 | Temple   | Became a worshipper of Nemelex Xobeh the Trickster
  5814 | D:5      | Killed Eustachio
  5833 | D:5      | Reached skill level 5 in Fighting
  5910 | D:5      | Gained mutation: A demonic guardian rushes to your aid.
                  | [demonic ancestry]
  5910 | D:5      | Reached XP level 9. HP: 49/69 MP: 9/9
  6204 | D:5      | Found an ornate altar of the Wu Jian Council.
  6719 | D:6      | Found a faded altar of an unknown god.
  6720 | D:6      | Found a hazy altar of Hepliaklqana.
  6730 | D:6      | Found a faded altar of an unknown god.
  6852 | D:6      | Found a shimmering altar of Xom.
  6856 | D:6      | Noticed Maggie
  6876 | D:6      | Killed Maggie
  7048 | D:6      | Found a blossoming altar of Fedhas.
  7118 | D:6      | Noticed a troll
  7130 | D:6      | Killed a troll
  7437 | D:6      | Noticed a two-headed ogre
  7472 | D:6      | Killed a two-headed ogre
  7473 | D:6      | Reached skill level 10 in Fighting
  7473 | D:6      | Gained mutation: You are mostly covered in large bone
                  | plates. (SH +6) [demonic ancestry]
  7473 | D:6      | Reached XP level 10. HP: 85/85 MP: 9/11
  7680 | D:6      | Noticed Grinder
  7701 | D:6      | Killed Grinder
  7774 | D:6      | Reached skill level 5 in Invocations
  7934 | D:6      | You are sucked into a shaft and drop 1 floor!
  8265 | D:7      | Reached * piety under Nemelex Xobeh
  8676 | D:7      | Found a basalt altar of Yredelemnul.
  9058 | D:7      | Noticed Harold
  9067 | D:7      | Killed Harold
  9344 | D:8      | Received a gift from Nemelex Xobeh
  9375 | D:8      | Learned a level 4 spell: Sticky Flame
  9444 | D:8      | Noticed Grum
  9466 | D:7      | Reached skill level 1 in Conjurations
  9471 | D:7      | Reached skill level 1 in Fire Magic
  9826 | D:8      | Killed Grum
  9827 | D:8      | Reached skill level 10 in Invocations
 10306 | D:9      | Reached ** piety under Nemelex Xobeh
 10347 | D:9      | Noticed Prince Ribbit
 10352 | D:9      | Killed Prince Ribbit
 10432 | D:9      | Noticed a two-headed ogre
 10438 | D:9      | Killed a two-headed ogre
 10439 | D:9      | Gained mutation: You have a tail ending in a sharp stinger.
                  | [demonic ancestry]
 10439 | D:9      | Reached XP level 11. HP: 90/90 MP: 18/18
 10912 | D:9      | Noticed a two-headed ogre
 10922 | D:9      | Killed a two-headed ogre
 11186 | D:9      | Learned a level 2 spell: Blink
 11235 | D:10     | Entered Level 10 of the Dungeon
 11235 | D:10     | Found Ystry Zyck's Overcharged Wands.
 11270 | D:10     | Reached skill level 5 in Conjurations
 11291 | D:10     | Found a hide-covered altar of Uskayaw.
 11298 | D:10     | Found an ancient bone altar of Kikubaaqudgha.
 11347 | D:10     | Reached skill level 5 in Fire Magic
 11489 | D:10     | Received a gift from Nemelex Xobeh
 11535 | D:10     | Noticed Fannar
 11631 | D:10     | Killed Fannar
 11632 | D:10     | Reached skill level 1 in Spellcasting
 12184 | D:10     | Noticed a two-headed ogre
 12190 | D:10     | Noticed a steelbarb worm
 12190 | D:10     | a two-headed ogre changed into a steelbarb worm
 12196 | D:10     | Killed a steelbarb worm
 12327 | D:11     | Found a staircase to the Lair.
 12398 | D:11     | Identified the ring "Vaock" {Wiz Dex+4}
 12511 | D:11     | Reached *** piety under Nemelex Xobeh
 12543 | D:11     | Noticed a skeletal warrior
 12582 | D:11     | Killed a skeletal warrior
 12623 | D:11     | Noticed a skeletal warrior
 12624 | D:11     | Noticed a skeletal warrior
 12679 | Lair:1   | Entered Level 1 of the Lair of Beasts
 12773 | Lair:1   | Reached XP level 12. HP: 95/97 MP: 17/19
 14238 | Lair:1   | Noticed Gastronok
 14256 | Lair:1   | Killed Gastronok
 14257 | Lair:1   | Reached skill level 11 in Polearms
 14772 | Lair:2   | Noticed Amaemon
 14783 | Lair:2   | Killed Amaemon
 14812 | Lair:2   | Reached skill level 12 in Polearms
 15110 | Lair:2   | Reached **** piety under Nemelex Xobeh
 15551 | Lair:2   | Received a gift from Nemelex Xobeh
 15659 | Lair:2   | Reached skill level 13 in Polearms
 16071 | Lair:3   | Noticed a five-headed hydra
 16078 | Lair:3   | Killed a seven-headed hydra
 16344 | Lair:3   | Received a gift from Nemelex Xobeh
 16509 | Lair:3   | Gained mutation: You sometimes emit foul miasma when
                  | damaged in melee. [demonic ancestry]
 16509 | Lair:3   | Reached XP level 13. HP: 83/103 MP: 12/20
 16822 | Lair:3   | Reached ***** piety under Nemelex Xobeh
 16852 | Lair:3   | Learned a level 2 spell: Corpse Rot
 16918 | Lair:3   | Received a gift from Nemelex Xobeh
 16998 | Lair:3   | Reached skill level 14 in Polearms
 17427 | Lair:3   | Found a staircase to the Shoals.
 17896 | Lair:4   | Found a dark tunnel.
 17910 | Volcano  | Entered a volcano
 18075 | Volcano  | Noticed a red draconian
 18103 | Volcano  | Killed a red draconian
 18306 | Lair:4   | Received a gift from Nemelex Xobeh
 18523 | Lair:4   | Identified the +7 chain mail "Dew Yrun" {+Blink}
 18821 | Lair:4   | Received a gift from Nemelex Xobeh
 18982 | Lair:4   | You fall into a shaft and drop 1 floor!
 19002 | Lair:5   | Received a gift from Nemelex Xobeh
 19165 | Lair:4   | Found a hole to the Spider Nest.
 19491 | Lair:5   | Reached skill level 15 in Polearms
 19662 | Lair:5   | Reached skill level 1 in Armour
 20275 | Lair:5   | Found a staircase to the Slime Pits.
 20359 | Lair:5   | Received a gift from Nemelex Xobeh
 20368 | Lair:5   | Reached ****** piety under Nemelex Xobeh
 20560 | Lair:6   | Entered Level 6 of the Lair of Beasts
 20717 | Lair:6   | Reached skill level 5 in Armour
 21247 | Lair:6   | Noticed Sonja
 21260 | Lair:6   | Killed Sonja
 21488 | Lair:6   | Gained mutation: A powerful demonic guardian rushes to your
                  | aid. [demonic ancestry]
 21488 | Lair:6   | Reached XP level 14. HP: 52/110 MP: 15/21
 22724 | Lair:6   | Received a gift from Nemelex Xobeh
 23122 | Lair:6   | Reached skill level 10 in Armour
 23134 | Lair:6   | Reached skill level 1 in Necromancy
 24409 | Lair:6   | Reached skill level 5 in Necromancy
 24897 | D:11     | Received a gift from Nemelex Xobeh
 24912 | D:11     | Found a staircase to the Orcish Mines.
 25101 | D:11     | Learned a level 2 spell: Wereblood
 25975 | Orc:1    | Entered Level 1 of the Orcish Mines
 26442 | Orc:1    | Received a gift from Nemelex Xobeh
 26562 | Orc:2    | Entered Level 2 of the Orcish Mines
 26568 | Orc:2    | Found a staircase to the Elven Halls.
 26611 | Orc:2    | Noticed Maurice
 26915 | Orc:2    | Killed Maurice
 26954 | Orc:2    | Noticed an orc warlord
 26987 | Orc:2    | Killed an orc warlord
 27173 | Orc:2    | Noticed Erolcha
 27183 | Orc:2    | Killed Erolcha
 27272 | Orc:2    | Gained mutation: You have a sharp stinger which inflicts
                  | weakening toxins. [demonic ancestry]
 27272 | Orc:2    | Reached XP level 15. HP: 49/115 MP: 14/25
 27985 | Orc:2    | Found Foluhezua's General Store.
 27985 | Orc:2    | Found Qyko Gecw's Weapon Shoppe.
 27985 | Orc:2    | Found Ege Yril's Antique Armour Emporium.
 27993 | Orc:2    | Found Buiviozxienn's Jewellery Emporium.
 27996 | Orc:2    | Bought a potion of berserk rage for 85 gold pieces
 28097 | Orc:2    | Received a gift from Nemelex Xobeh
 28117 | Orc:2    | Noticed Azrael
 28167 | Orc:2    | Killed from afar by Azrael

Illustrated notes

Levels and vault maps discovered:
D:1:      amcnicky_arrival_choice, layout_loops_ring
D:2:      layout_loops_cross, serial_shops, shop, grunt_decor_junction,
          serial_bayou_pond_e
D:3:      layout_rooms, serial_shops, shop_statue,
          ebering_ecumenical_altar_sacrificial, minivault_14, amethyst_killhole,
          uniq_jessica, uniq_natasha
D:4:      minmay_thinvault, layout_layer_cave, general_overflow_altar,
          minmay_manual_mares, uniq_duvessa, uniq_sigmund, uniq_ijyb,
          uniq_edmund, uniq_blork_the_orc
D:5:      layout_basic, mainiacjoe_overflow_small_starburst,
          minmay_temple_entry_oklob, serial_corexii_hall,
          chequers_hall_statues_corner_a, corexii_hall_statues_x,
          lemuel_flamethrower_1, uniq_eustachio
D:6:      layout_loops_ring, nicolae_hepliaklqana_ecumenical_no_more,
          mainiacjoe_overflow_catwalk_spiral, minmay_manual_mail, uniq_grinder,
          uniq_maggie
D:7:      layout_cave_pools, mainiacjoe_overflow_alcove_1,
          minmay_misc_feat_cross, uniq_harold
D:8:      layout_rooms, uniq_grum
D:9:      layout_gridville, minmay_microvault, uniq_prince_ribbit1
D:10:     layout_basic, mainiacjoe_overflow_large_starburst,
          nicolae_shop_overcharged_wands, uniq_fannar
D:11:     layout_basic, due_lair_maze_entry_diamond, david_orc_3
Temple:   eino_temple_water
Lair:1:   layout_concentric_octagons, serial_bayou_shore_a, lemuel_fruit_tree,
          uniq_gastronok
Lair:2:   layout_long_grid, uniq_amaemon
Lair:3:   layout_layer_cave, minmay_shoals_entry_hut, serial_rivers,
          chequers_serial_rivers_micro_d, chequers_serial_rivers_micro_a,
          chequers_serial_rivers_room_b, chequers_serial_rivers_room_b,
          chequers_serial_rivers_room_b
Lair:4:   layout_regular_city, spider_nest_entry_web_field,
          nicolae_volcano_entry_two_sided, minivault_27, grunt_megastairs_2,
          serial_bayou_shore_b, infiniplex_staircase_pool_2
Lair:5:   layout_hall_layers, nicolae_slime_entry_slimehenge, st_stairs_5
Lair:6:   evilmike_catoblepas_cave, layout_small_grid,
          chequers_serial_rivers_marsh, uniq_sonja
Orc:1:    layout_caves
Orc:2:    st_orc_mages, layout_caves, serial_shops, shop, uniq_erolcha,
          uniq_azrael, uniq_maurice

Skill      XL: |  1  2  3  4  5  6  7  8  9 10 11 12 13 14 15 |
---------------+----------------------------------------------+-----
Throwing       | 2 |  2.0
Polearms       | 3 4 6 7 9 10 13 15 | 15.1
Fighting       | 5 10 | 10.0
Invocations    | 2 10 13 14 | 14.1
Conjurations   | 3 7 |  7.0
Fire Magic     | 3 6 7 |  7.0
Spellcasting   | 3 4 |  4.0
Armour         | 7 10 | 10.0
Necromancy     | 6 |  6.0
Dodging        | |  2.9

Action                   |  1- 3 |  4- 6 |  7- 9 | 10-12 | 13-15 || total
-------------------------+-------+-------+-------+-------+-------++-------
Melee: Trident           |    30 |       |       |       |       ||    30
       Halberd           |    26 |   126 |   246 |   679 |   940 ||  2017
       Tailslap          |       |     6 |    38 |    96 |   204 ||   344
       Glaive            |       |       |       |       |   130 ||   130
Throw: Dart              |       |     2 |       |     9 |     4 ||    15
 Cast: Sticky Flame      |       |       |       |    13 |    18 ||    31
       Corpse Rot        |       |       |       |       |     2 ||     2
Invok: Draw Destruction  |       |       |       |     9 |    13 ||    22
       Draw Summoning    |       |       |       |     3 |     5 ||     8
       Draw Escape       |       |       |       |       |     2 ||     2
Evoke: Wand              |       |       |       |     7 |     5 ||    12
       Lightning rod     |       |       |       |     4 |     3 ||     7
       Phantom mirror    |       |       |       |       |     1 ||     1
  Use: Scroll            |       |       |       |     6 |     4 ||    10
       Potion            |       |       |       |     1 |     2 ||     3
 Stab: Distracted        |       |       |     1 |     1 |     2 ||     4
       Sleeping          |       |       |     1 |       |       ||     1
       Held in net/web   |       |       |       |       |     1 ||     1
       Petrified         |       |       |       |       |     6 ||     6
Armor: Leather armour    |     6 |       |    18 |       |       ||    24
       Scale mail        |     5 |    39 |    10 |       |       ||    54
       Chain mail        |     1 |       |       |       |   438 ||   439
       Acid dragon scale |       |       |     4 |   184 |    17 ||   205
       Plate armour      |       |       |       |       |     9 ||     9
Dodge: Dodged            |    33 |    69 |   125 |   464 |   416 ||  1107
Block: Other             |       |       |    43 |   184 |   224 ||   451

Table legend: (Time is in decaauts)
 A = Elapsed time spent in this place.
 B = Non-inter-level travel time spent in this place.
 C = Inter-level travel time spent in this place.
 D = Time resting spent in this place.
 E = Time spent auto-exploring this place.
 F = Levels seen in this place.
 G = Mean time per level.
                   A        B        C        D        E       F      G
               +--------+--------+--------+--------+--------+-----+--------+
         Total |  28003 |  27197 |    806 |   5415 |  15997 |  21 | 1333.5 |
       Dungeon |  14104 |  13793 |    311 |   1981 |   9190 |  11 | 1282.2 |
        Temple |    266 |    266 |      0 |    195 |      0 |   1 |  266.0 |
          Lair |  11580 |  11087 |    493 |   2292 |   6536 |   6 | 1930.0 |
  Orcish Mines |   1730 |   1730 |      0 |    836 |    271 |   2 |  865.0 |
       Volcano |    321 |    321 |      0 |    110 |      0 |   1 |  321.0 |
               +--------+--------+--------+--------+--------+-----+--------+

Top non-repeatable levels by time:
  Lair:6: 2863 daAuts
  Lair:5: 2376 daAuts
  Lair:1: 2144 daAuts
     D:4: 2024 daAuts
    D:11: 1995 daAuts
     D:6: 1918 daAuts
  Lair:3: 1803 daAuts
     D:2: 1458 daAuts
     D:7: 1292 daAuts
  Lair:2: 1290 daAuts
   Orc:2: 1154 daAuts
  Lair:4: 1102 daAuts
    D:10: 1082 daAuts
     D:5: 1055 daAuts
     D:9: 930 daAuts
